 Dungeon Crawl Stone Soup version 0.29-a0-1030-gf5f8719cae (webtiles) character file.

Game seed: 12552646848914817106

43117 kvrfg the Unseen (level 13, -13/67 HPs)
             Began as a Spriggan Enchanter on Aug 14, 2022.
             Was the Champion of Dithmenos.
             Killed from afar by Roxanne (42 damage)
             ... with a bolt of magma
             ... on level 14 of the Dungeon.
             The game lasted 00:40:45 (16887 turns).

kvrfg the Unseen (Spriggan Enchanter)              Turns: 16887, Time: 00:40:46

Health: -13/67     AC: 12    Str:  7    XL:     13   Next: 89%
Magic:  31/31      EV: 16    Int: 21    God:    Dithmenos [******]
Gold:   7128       SH: 13    Dex: 17    Spells: 28/39 levels left

rFire   . . .      SeeInvis +   A - +2 quick blade
rCold   + . .      Faith    .   w - +0 buckler of Milui {Slay+3}
rNeg    . . .      Spirit   .   c - +0 steam dragon scales
rPois   .          Reflect  +   (helmet restricted)
rElec   .          Harm     .   v - +0 cloak "Mefuto" {+Blink Dex+2 Slay+3 SInv}
rCorr   .          Rampage  .   (gloves unavailable)
Will    ++...                   (boots unavailable) Stlth **++++++++
                                k - amulet of reflection
HPRegen 1.01/turn               n - +4 ring of slaying
MPRegen 0.22/turn               d - +4 ring of protection

@: on berserk cooldown, slowed, wreathed by umbra, quick
A: very small, no large weapons, unfitting armour, see invisible, speed 3,
iridescent scales 1, clever 1, cold resistance 1, regeneration 1
a: Renounce Religion, Evoke Blink, Shadow Step, Shadow Form


You were on level 14 of the Dungeon.
You worshipped Dithmenos.
Dithmenos was exalted by your worship.
You visited 2 branches of the dungeon, and saw 16 of its levels.
You also visited: Sewer.

You collected 7128 gold pieces.

Inventory:

Hand Weapons
 A - a +2 quick blade (weapon)
Missiles
 g - 56 poisoned darts (quivered)
 q - 6 throwing nets
 D - 5 atropa-tipped darts
Armour
 c - +0 steam dragon scales (worn)
 o - a +1 robe of resistance
 v - the +0 cloak "Mefuto" (worn) {+Blink Dex+2 Slay+3 SInv}
   (You acquired it on level 7 of the Dungeon)

   Dex:       It affects your dexterity (+2).
   Slay:      It affects your accuracy & damage with ranged weapons and melee
   (+3).
   SInv:      It lets you see invisible.
   +Blink:    It lets you blink.
 w - the +0 buckler of Milui (worn) {Slay+3}
   (You acquired it on level 7 of the Dungeon)

   Slay:      It affects your accuracy & damage with ranged weapons and melee
   (+3).
Jewellery
 b - a ring of wizardry
 d - a +4 ring of protection (right hand)
 h - the ring of Xom's Full Attention {rC+ rCorr Str+2 Int+6 Stlth+}
   (You acquired it on level 2 of the Dungeon)

   [ring of intelligence]

   Str:       It affects your strength (+2).
   Int:       It affects your intelligence (+6).
   rC:        It protects you from cold.
   rCorr:     It protects you from acid and corrosion.
   Stlth:     It makes you more stealthy.
 j - a +4 ring of protection
 k - an amulet of reflection (around neck)
 n - a +4 ring of slaying (left hand)
 p - a ring of protection from fire
Wands
 f - a wand of quicksilver (2)
 i - a wand of flame (33)
 l - a wand of mindburst (12)
 t - a wand of iceblast (6)
 y - a wand of charming (6)
Scrolls
 a - 57 scrolls of butterflies
Potions
 e - a potion of mutation
 r - a potion of cancellation
 s - 2 potions of ambrosia
 u - 6 potions of curing
 z - 2 potions of heal wounds
 B - 2 potions of brilliance
Miscellaneous
 m - a tin of tremorstones (2/2)


   Skills:
 + Level 7.3 Fighting
 - Level 10.0 Short Blades
 - Level 2.6 Dodging
 + Level 16.7 Stealth
 - Level 7.0 Shields
 - Level 0.7 Unarmed Combat
 + Level 13.6 Spellcasting
 + Level 13.8 Hexes


You had 28 spell levels left.
You knew the following spells:

 Your Spells              Type           Power      Damage    Failure   Level
a - Ensorcelled Hibernat  Hex/Ice        86%        N/A       1%          2
b - Tukima's Dance        Hex            64%        N/A       1%          3
c - Dazzling Flash        Conj/Hex       86%        N/A       1%          3
d - Confusing Touch       Hex            64%        N/A       1%          3

Your spell library contained the following spells:

 Spells                   Type           Power      Damage    Failure   Level
 Portal Projectile        Hex/Tloc       86%        N/A       1%          3
 Summon Small Mammal      Summ           56%        N/A       9%          1
 Static Discharge         Conj/Air       14%        3-5/arc   12%         2
 Conjure Flame            Conj/Fire      14%        6-21      24%         3
 Ignite Poison            Fire/Tmut/Pois 14%        N/A       24%         3
 Mephitic Cloud           Conj/Pois/Air  14%        N/A       24%         3
 Animate Dead             Necr           14%        N/A       63%         4
 Dispel Undead            Necr           14%        3d10      63%         4
 Sticky Flame             Conj/Fire      14%        2d4       63%         4
 Summon Lightning Spire   Summ/Air       14%        N/A       63%         4
 Alistair's Intoxication  Tmut/Pois      9%         N/A       92%         5
 Blade Hands              Tmut           7%         N/A       92%         5
 Borgnjor's Vile Clutch   Necr/Erth      7%         N/A       92%         5
 Fireball                 Conj/Fire      7%         3d5       92%         5
 Freezing Cloud           Conj/Ice/Air   7%         6-21      92%         5
 Iskenderun's Battlesphe  Conj           14%        2d7       92%         5
 Conjure Ball Lightning   Conj/Air       7%         3x3d6     100%        6
 Eringya's Noxious Bog    Tmut/Pois      7%         N/A       100%        6
 Haunt                    Necr/Summ      7%         N/A       100%        7
 Orb of Destruction       Conj           7%         9d6       100%        7
 Spellforged Servitor     Conj/Summ      7%         N/A       100%        7
 Infestation              Necr           7%         N/A       100%        8


Dungeon Overview and Level Annotations

Branches:
Dungeon (15/15) Temple (1/1) D:5 Lair (0/5) D:11 Orc (0/2) D:11 Vaults (0/5) D:13 D:14 Sewer (visited) Depths: D:15

Altars:
Ashenzari
Dithmenos
Elyvilon
Gozag
Hepliaklqana
Kikubaaqudgha
Makhleb
Okawaru
Qazlal
Ru
Trog
Uskayaw
Vehumet
Wu Jian
Xom
Yredelemnul
Zin
The Shining One

Shops:
D:5 [   D:9 (   D:13 ((   D:15 =

Annotations:
D:10 2 runed translucent doors, exclusion: orange crystal statue
D:12 exclusion: 2 doors
D:14 Roxanne


Innate Abilities, Weirdness & Mutations

You are very small and have problems with some larger weapons.
You are too small for most types of armour.
You have supernaturally acute eyesight. (SInv)
You cover ground extremely quickly. (Speed+++)
You are partially covered in iridescent scales. (AC +2)
Your mind is acute. (Int +4, Str/Dex -1)
Your flesh is cold resistant. (rC+)
Your natural rate of healing is unusually fast.


Message History

Okay, then.
Unknown command.
Really walk into a travel-excluded area?
Okay, then.
Really walk into a travel-excluded area?
A red film seems to cover your vision as you go berserk!
You feel yourself moving faster!
You feel mighty!
Unknown command.
You feel a strong urge to attack something.
You hit Roxanne but do no damage. You puncture Roxanne!
Roxanne is lightly damaged.
Roxanne casts a spell.
You blink.
You feel a strong urge to attack something.
You are no longer berserk.
You are exhausted.
You feel yourself slow down.
You hit Roxanne but do no damage.
Roxanne is lightly damaged.
You hit Roxanne.
Roxanne is lightly damaged.
Roxanne mumbles some strange words.
The bolt of magma hits you!
You hit Roxanne but do no damage.
Roxanne is lightly damaged.
You hit Roxanne but do no damage.
Roxanne is lightly damaged.
Roxanne casts a spell.
The iron shot hits you!!!
Ouch! That really hurt!
* * * LOW HITPOINT WARNING * * *
You emit a cloud of dark smoke.
You feel much better.
Roxanne casts a spell.
You blink.
Roxanne casts a spell.
The bolt of magma hits you!!!
Ouch! That really hurt!
You die...

########################
.......................#
#...........#..........#
#..#..#..#<.#..##......#
#..#..#.....#...@...##.#
..................8§...#
###########......§§§...#
# #......+.##..##§....#
# ####'####............#
# #........########....#
# #......#.#......#.##.#
# #........##'##..#....#
####'###...#..##..'....#


You could see Roxanne.

Vanquished Creatures
  Rupert (D:14)
  Snorg (D:10)
  Erolcha (D:11)
  5 boulder beetles
  4 hydras
  An alligator (shapeshifter) (D:14)
  Erica (D:9)
  8 centaur warriors
  A two-headed ogre (D:7)
  A tengu warrior (D:13)
  Urug (D:14)
  Pikel (D:5)
  An orc knight (D:15)
  A deep elf pyromancer (D:13)
  9 ugly things
  5 cyclopes
  3 manticores
  Maurice (D:9)
  A cane toad (shapeshifter) (D:13)
  A guardian serpent (D:13)
  A gargoyle (D:11)
  Maggie (D:9)
  A komodo dragon (D:11)
  A freezing wraith (D:14)
  3 kobold demonologists
  An efreet (D:13)
  5 trolls
  A hornet (D:8)
  17 slime creatures
  3 shadows
  2 wraiths (D:12)
  2 vampires
  13 yaks
  16 humans
  5 vampire mosquitoes
  A steam dragon (D:9)
  Grum (D:8)
  A water moccasin (D:5)
  5 orc warriors
  A black bear (D:8)
  A black bear (shapeshifter) (D:15)
  2 sky beasts
  2 wolves (D:8)
  13 centaurs
  A lemure (D:5)
  5 phantoms
  6 bullfrogs
  3 kobold brigands
  2 necrophages
  2 gnoll sergeants (D:9)
  3 scorpions
  3 troll zombies (D:11)
  15 killer bees
  A howler monkey (D:10)
  2 jellies
  2 gnoll boudas
  11 hounds
  2 orc priests
  5 iguanas
  8 orc wizards
  3 ogre zombies (D:11)
  22 gnolls
  9 adders
  A shadow imp (D:5)
  2 ufetubi (D:5)
  A worm (D:2)
  3 dart slugs
  40 orcs
  2 bats (D:1)
  11 endoplasms
  13 giant cockroaches
  6 goblins
  6 hobgoblins
  8 jackals
  20 kobolds
  11 quokkas
  16 ball pythons
  17 frilled lizards
  A goblin zombie (D:11)
  A hobgoblin skeleton (D:11)
  A hobgoblin zombie (D:11)
  2 orc skeletons (D:11)
  14 orc zombies (D:11)
  11 rats
  A spectral kobold (D:1)
  A spectral orc (D:4)
441 creatures vanquished.

Vanquished Creatures (collateral kills)
  Psyche (D:8)
  Edmund (D:6)
  An orc warrior (D:9)
  A gnoll bouda (D:9)
  An orc wizard (D:9)
  3 gnolls
  11 orcs
  A hobgoblin (D:4)
20 creatures vanquished.

Vanquished Creatures (others)
  5 dancing weapons
  A kobold (D:9)
  20 plants (D:11)
26 creatures vanquished.

Grand Total: 487 creatures vanquished

Notes
Turn   | Place    | Note
-------+----------+-------------------------------------------
     0 | D:1      | kvrfg the Spriggan Enchanter began the quest for the Orb.
     0 | D:1      | Reached XP level 1. HP: 9/9 MP: 5/5
   646 | D:1      | Reached XP level 2. HP: 13/13 MP: 7/7
   649 | D:1      | Learned a level 2 spell: Ensorcelled Hibernation
   969 | D:1      | Found a faded altar of an unknown god.
  1150 | D:2      | Reached XP level 3. HP: 8/16 MP: 9/9
  1159 | D:1      | Learned a level 3 spell: Tukima's Dance
  1163 | D:1      | Learned a level 3 spell: Confusing Touch
  2076 | D:2      | Reached XP level 4. HP: 15/21 MP: 1/11
  2083 | D:2      | Learned a level 3 spell: Dazzling Flash
  2215 | D:2      | Identified a scroll of acquirement
  2215 | D:2      | Acquired the ring of Xom's Full Attention {rC+ rCorr Str+2
                  | Int+6 Stlth+}
  2421 | D:3      | Reached skill level 5 in Hexes
  2551 | D:3      | Found a basalt altar of Yredelemnul.
  2749 | D:3      | Acquired 455 gold pieces
  3338 | D:3      | Noticed a scorpion
  3355 | D:3      | Killed a scorpion
  3356 | D:3      | Reached skill level 5 in Spellcasting
  3356 | D:3      | Reached XP level 5. HP: 21/24 MP: 3/13
  4638 | D:4      | Found a hazy altar of Hepliaklqana.
  4794 | D:5      | Entered Level 5 of the Dungeon
  4801 | D:5      | Reached skill level 5 in Stealth
  4833 | D:5      | Found Lawnuur's Antique Armour Shoppe.
  4883 | D:5      | Reached XP level 6. HP: 23/28 MP: 10/15
  5662 | D:5      | Reached skill level 6 in Stealth
  5712 | D:5      | Noticed a sky beast
  5736 | D:5      | Killed a sky beast
  5737 | D:5      | Reached XP level 7. HP: 10/32 MP: 5/17
  6014 | D:5      | Gained mutation: You are partially covered in iridescent
                  | scales. (AC +2) [potion of mutation]
  6014 | D:5      | Gained mutation: Your mind is acute. (Int +4, Str/Dex -1)
                  | [potion of mutation]
  6014 | D:5      | Gained mutation: Your natural rate of healing is unusually
                  | fast. [potion of mutation]
  6014 | D:5      | Gained mutation: Your flesh is cold resistant. (rC+)
                  | [potion of mutation]
  6020 | D:5      | Reached skill level 7 in Stealth
  6073 | D:5      | Identified the +5 long sword of Terra Nullius {venom,
                  | rCorr}
  6146 | D:5      | Found a staircase to the Ecumenical Temple.
  6156 | Temple   | Entered the Ecumenical Temple
  6166 | Temple   | Became a worshipper of Dithmenos the Shadowed
  6255 | D:5      | Noticed Pikel
  6303 | D:5      | Killed Pikel
  6304 | D:5      | Reached skill level 8 in Stealth
  6304 | D:5      | Reached XP level 8. HP: 16/36 MP: 16/20
  6624 | D:6      | Found a glowing drain.
  6706 | Sewer    | Entered a sewer
  6828 | Sewer    | Reached * piety under Dithmenos
  6942 | Sewer    | Reached skill level 9 in Stealth
  7364 | D:6      | Reached ** piety under Dithmenos
  7537 | D:6      | Noticed Edmund
  7549 | D:6      | Killed Edmund
  7550 | D:6      | Reached skill level 10 in Stealth
  7662 | D:6      | Found a stormy altar of Qazlal.
  7821 | D:6      | Found a glowing silver altar of Zin.
  7822 | D:6      | Noticed an angel
  8121 | D:7      | Reached XP level 9. HP: 39/39 MP: 10/22
  8197 | D:7      | Noticed a two-headed ogre
  8211 | D:7      | Reached skill level 1 in Short Blades
  8253 | D:7      | Killed a two-headed ogre
  8254 | D:7      | Reached skill level 5 in Short Blades
  8799 | D:7      | Acquired 378 gold pieces
  8800 | D:7      | Acquired the +0 cloak "Mefuto" {+Blink Dex+2 Slay+3 SInv}
  8816 | D:7      | Acquired the +0 buckler of Milui {Slay+3}
  8818 | D:7      | Acquired 1017 gold pieces
  8865 | D:8      | Noticed Grum
  8907 | D:8      | Reached skill level 1 in Shields
  8908 | D:8      | Killed Grum
  9043 | D:8      | Noticed Psyche
  9059 | D:8      | Killed Psyche
  9129 | D:8      | Acquired 565 gold pieces
  9133 | D:8      | Acquired 859 gold pieces
  9137 | D:8      | Acquired 840 gold pieces
  9175 | D:8      | Reached XP level 10. HP: 44/44 MP: 10/23
  9344 | D:8      | Found a glowing golden altar of the Shining One.
  9372 | D:8      | Reached *** piety under Dithmenos
  9394 | D:8      | Reached skill level 5 in Shields
  9698 | D:8      | Found a broken altar of Ashenzari.
  9964 | D:9      | Noticed Maggie
  9968 | D:9      | Killed Maggie
 10107 | D:9      | Noticed Maurice
 10117 | D:9      | Killed Maurice
 10145 | D:9      | Acquired a +2 quick blade
 10151 | D:9      | Acquired 573 gold pieces
 10217 | D:9      | Noticed Erica
 10244 | D:9      | Killed Erica
 10245 | D:9      | Reached skill level 1 in Fighting
 10331 | D:9      | Reached **** piety under Dithmenos
 10441 | D:9      | Reached skill level 11 in Stealth
 10503 | D:9      | Found Jadghoy's Weapon Boutique.
 10507 | D:9      | Reached XP level 11. HP: 49/49 MP: 25/25
 10783 | D:10     | Entered Level 10 of the Dungeon
 10783 | D:10     | Found a runed translucent door.
 10835 | D:10     | Found a runed translucent door.
 10836 | D:10     | Noticed an orange crystal statue
 11028 | D:10     | Found an ancient bone altar of Kikubaaqudgha.
 11051 | D:10     | Noticed Snorg
 11129 | D:10     | Killed Snorg
 11130 | D:10     | Reached skill level 10 in Hexes
 11152 | D:10     | Found an ornate altar of the Wu Jian Council.
 11224 | D:10     | Got Tomaynas's Compendium of the Scorched Throng
 11267 | D:10     | Found a white marble altar of Elyvilon.
 11267 | D:10     | Found a shimmering altar of Xom.
 11614 | D:11     | Found a staircase to the Orcish Mines.
 11667 | D:11     | Reached ***** piety under Dithmenos
 11726 | D:11     | Noticed Erolcha
 11737 | D:11     | Killed Erolcha
 11738 | D:11     | Reached skill level 12 in Stealth
 11738 | D:11     | Reached skill level 10 in Spellcasting
 12507 | D:11     | Found a staircase to the Lair.
 12631 | D:11     | Noticed a five-headed hydra
 12644 | D:11     | Killed a five-headed hydra
 12886 | D:12     | Acquired 507 gold pieces
 12937 | D:12     | Noticed a white ugly thing
 12944 | D:12     | Killed a white ugly thing
 12947 | D:12     | Noticed a boulder beetle
 12949 | D:12     | Killed a boulder beetle
 12971 | D:12     | Noticed a soul eater
 12982 | D:12     | Reached XP level 12. HP: 58/58 MP: 27/27
 13039 | D:12     | Reached skill level 13 in Stealth
 13572 | D:12     | Noticed a boulder beetle
 13577 | D:12     | Killed a boulder beetle
 13713 | D:12     | You fall into a shaft and drop 3 floors!
 13713 | D:15     | Entered Level 15 of the Dungeon
 13716 | D:15     | Noticed a centaur warrior
 13733 | D:15     | Killed a centaur warrior
 13859 | D:15     | Found Dixicvupp's Jewellery Boutique.
 13969 | D:15     | Acquired 777 gold pieces
 13984 | D:15     | Noticed a boulder beetle
 13984 | D:15     | Noticed a boulder beetle
 13989 | D:15     | Killed a boulder beetle
 13990 | D:15     | Reached skill level 10 in Short Blades
 13999 | D:15     | Killed a boulder beetle
 14000 | D:15     | Reached skill level 5 in Fighting
 14000 | D:15     | Reached skill level 14 in Stealth
 14323 | D:13     | Noticed a centaur warrior
 14332 | D:13     | Killed a centaur warrior
 14370 | D:13     | Identified the +1 ring mail of Ytielunyim {rElec rN+ Dex-4}
 14405 | D:13     | Found Dazxeemis's Weapon Shop.
 14525 | D:13     | Noticed a tengu warrior
 14535 | D:13     | Noticed an eight-headed hydra
 14544 | D:13     | Noticed a centaur warrior
 14547 | D:13     | Noticed a centaur warrior
 14623 | D:13     | Noticed a centaur warrior
 14631 | D:13     | Killed a centaur warrior
 14632 | D:13     | Reached XP level 13. HP: 65/65 MP: 27/30
 14741 | D:13     | Reached skill level 15 in Stealth
 15010 | D:13     | Found Vefauced's Weapon Shop.
 15177 | D:14     | Noticed Rupert
 15177 | D:14     | Noticed Urug
 15177 | D:14     | Found a gate to the Vaults.
 15223 | D:13     | Reached ****** piety under Dithmenos
 15518 | D:14     | Killed Urug
 15616 | D:14     | Reached skill level 16 in Stealth
 15637 | D:14     | Identified Roxanne's Compilation of Geology
 15637 | D:14     | Noticed Roxanne
 15732 | D:14     | Killed Rupert
 15850 | D:14     | Noticed a broodmother
 15858 | D:14     | a broodmother changed into an alligator
 16886 | D:14     | HP: 3/67 [Roxanne/iron shot (56)]
 16887 | D:14     | Killed from afar by Roxanne

Illustrated notes

Levels and vault maps discovered:
D:1:      ebering_hopf_link, layout_basic,
          dreamdust_ecumenical_altar_drowned_temple
D:2:      layout_rooms
D:3:      layout_basic, general_overflow_altar, guppyfry_early_orc_mine
D:4:      layout_loops_cross, nicolae_hepliaklqana_monster_ancestors
D:5:      layout_loops_ring, minmay_temple_entry_poolview, serial_shops,
          nicolae_shop_stone, st_stairs_4, minmay_increasing_density, uniq_pikel
D:6:      layout_basic, zin_angel, old_standard_altar, portal_sewer_entry_a,
          uniq_edmund
D:7:      layout_basic
D:8:      layout_loops_ring, mainiacjoe_overflow_catwalk_spiral,
          lemuel_old_faithful, uniq_psyche, uniq_grum
D:9:      layout_big_octagon, serial_gnoll_camp, gnoll_camp_huts_basic,
          gnoll_camp_mini_doghouse, gnoll_camp_mini_doghouse,
          gnoll_camp_mini_shop, gnoll_camp_mini_basic, uniq_maggie,
          uniq_maurice, uniq_erica
D:10:     minmay_angry_zag, layout_rooms, nicolae_wu_jian_immortal_techniques,
          kiku_gazebo_garden_becter, gammafunk_temple_overflow_elements,
          nrook_campfire, chequers_guarded_unrand_ignorance, uniq_snorg
D:11:     layout_layer_cave, david_lair_shrubbed, zombieorc1_lemuel,
          uniq_erolcha
D:12:     layout_loops_ring, portal_ice_cave_demonic_guard, moated_statue,
          minmay_misc_feat_encased
D:13:     layout_rooms, serial_shops, nicolae_stop_n_shop_1,
          nicolae_inconvenience_store, corexii_checkpoint_a,
          nrook_guardian_serpent_double
D:14:     layout_stronghold, david_vaults_3, minmay_misc_feat_pillars,
          nicolae_twisting_strands, uniq_roxanne
D:15:     hangedman_depths_entry_try_elsewhere_first, layout_cave_pools,
          grunt_gozag_breadcrumbs, minmay_shop_enchanted_jewellery
Temple:   hellmonk_temple_two_chambers

Skill      XL: |  1  2  3  4  5  6  7  8  9 10 11 12 13 |
---------------+----------------------------------------+-----
Spellcasting   | 3 4 5 6 7 8 9 10 12 13 | 13.6
Hexes          | 4 5 6 8 9 11 12 13 | 13.8
Stealth        | 5 6 8 10 11 12 14 16 | 16.7
Short Blades   | 7 9 10 | 10.0
Shields        | 3 6 7 |  7.0
Fighting       | 1 3 5 7 |  7.3
Dodging        | |  2.6
Unarmed Combat | |  0.7

Action                   |  1- 3 |  4- 6 |  7- 9 | 10-12 | 13-15 || total
-------------------------+-------+-------+-------+-------+-------++-------
Melee: Dagger            |   158 |   250 |   396 |    83 |       ||   887
       Club              |     9 |       |       |       |       ||     9
       Punch             |     2 |     7 |     6 |     1 |       ||    16
       Quick blade       |       |       |       |   488 |   212 ||   700
 Cast: Ensorcelled Hiber |    20 |    23 |    41 |    68 |    37 ||   189
       Tukima's Dance    |       |     8 |    21 |    11 |     8 ||    48
       Confusing Touch   |       |     7 |    10 |     6 |     6 ||    29
Invok: Shadow Step       |       |       |       |     1 |       ||     1
Evoke: Wand              |       |     1 |     1 |    12 |       ||    14
  Use: Scroll            |     1 |     2 |     8 |     6 |     1 ||    18
       Potion            |       |     5 |     3 |     1 |     4 ||    13
 Stab: Sleeping          |    20 |    27 |    46 |   107 |    30 ||   230
       Confused          |       |     6 |     9 |     6 |     9 ||    30
       Distracted        |       |       |     1 |     1 |     4 ||     6
Armor: Skin              |    24 |    25 |    59 |       |       ||   108
       Robe              |       |       |       |    19 |       ||    19
       Steam dragon scal |       |       |       |    31 |    29 ||    60
Dodge: Dodged            |   143 |   150 |   348 |   163 |    67 ||   871
Block: Other             |       |    12 |   108 |       |       ||   120
       Buckler           |       |       |       |   197 |    75 ||   272
       Reflection        |       |       |       |    10 |     5 ||    15

Table legend: (Time is in decaauts)
 A = Elapsed time spent in this place.
 B = Non-inter-level travel time spent in this place.
 C = Inter-level travel time spent in this place.
 D = Time resting spent in this place.
 E = Time spent auto-exploring this place.
 F = Levels seen in this place.
 G = Mean time per level.
                   A        B        C        D        E       F      G
               +--------+--------+--------+--------+--------+-----+--------+
         Total |  12451 |  12139 |    312 |   1068 |   7817 |  17 |  732.4 |
       Dungeon |  11959 |  11651 |    308 |   1068 |   7685 |  15 |  797.3 |
        Temple |     11 |      7 |      4 |      0 |      0 |   1 |   11.0 |
         Sewer |    481 |    481 |      0 |      0 |    132 |   1 |  481.0 |
               +--------+--------+--------+--------+--------+-----+--------+

Top non-repeatable levels by time:
     D:5: 1265 daAuts
    D:14: 1203 daAuts
     D:3: 1139 daAuts
     D:2: 974 daAuts
     D:1: 970 daAuts
     D:4: 964 daAuts
    D:11: 804 daAuts
     D:8: 748 daAuts
     D:6: 725 daAuts
    D:13: 684 daAuts
    D:12: 612 daAuts
     D:9: 591 daAuts
     D:7: 559 daAuts
   Sewer: 481 daAuts
    D:10: 478 daAuts
